Erotic Thai Bitch, lawful female human Samurai E E d d E ddd E d @ d d E @ d @ d. W ..@. d ..<. d @ =%.. @ ... d E d d E @ dE I Erotic Thai Bitch the Ryoshu Experience level: 17 Strength: 18/26 Dexterity: 20 Constitution: 18 Intelligence: 11 Wisdom: 11 Charisma: 6 Health: 0(144) Energy: 68(68) Def: 44 Gold: 0 Moves: 22155 Dungeon seed: TiOC9ImifWBQ8UbL Game ID: Erotic Thai Bitch_1497167405 Your Inventory: Amulets l - a blessed greased amulet of reflection (being worn) Weapons a - the uncursed rustproof +6 Snickersnee (weapon in hand) b - a blessed greased +3 katana of hunger (wielded in other hand) Armor e - a blessed greased rustproof +4 helm of telepathy (being worn) n - a blessed greased +3 gray dragon scale mail (being worn) q - a blessed greased fireproof +4 pair of speed boots (being worn) r - a blessed +4 pair of gauntlets of dexterity (being worn) y - a blessed +5 elven cloak (being worn) z - a blessed +3 Hawaiian shirt (being worn) Comestibles E - an uncursed lizard corpse Rings j - an uncursed ring of see invisible (on left hand) Q - an uncursed ring of levitation Wands V - an uncursed wand of lightning (0:5) Tools h - a blessed +0 unicorn horn i - an uncursed towel s - a blessed bag of holding u - an uncursed credit card x - an uncursed +0 pick-axe L - an uncursed oil lamp (0:1244) Gems I - a blessed luckstone Y - 3 uncursed topaz stones Contents of the bag of holding: 135 gold pieces an uncursed +0 katana an uncursed +1 pair of iron shoes of fire resistance an uncursed burnt +0 pair of water walking boots 2 uncursed C-rations 3 uncursed K-rations an uncursed gunyoki 7 uncursed lumps of royal jelly an uncursed scroll of blank paper a cursed scroll of blank paper an uncursed scroll of create monster 2 cursed scrolls of create monster 4 uncursed scrolls of destroy armor 2 blessed scrolls of earth 2 uncursed scrolls of earth an uncursed scroll of enchant weapon an uncursed scroll of fire an uncursed scroll of gold detection an uncursed scroll of light a blessed scroll of magic mapping an uncursed scroll of magic mapping a cursed scroll of remove curse an uncursed scroll of scare monster a cursed scroll of taming 3 blessed scrolls of teleportation 10 uncursed scrolls of teleportation a cursed scroll of teleportation 2 uncursed potions of confusion an uncursed potion of extra healing a cursed potion of extra healing an uncursed potion of fruit juice an uncursed potion of full healing 2 cursed potions of full healing a cursed potion of gain energy an uncursed potion of gain level 2 uncursed potions of healing 2 potions of holy water an uncursed potion of object detection an uncursed potion of sake an uncursed potion of sleeping 7 uncursed potions of water a cursed -1 ring of adornment a cursed ring of conflict a cursed -2 ring of increase accuracy an uncursed ring of invisibility an uncursed ring of protection from shape changers a cursed ring of protection from shape changers an uncursed ring of slow digestion a cursed ring of sustain ability an uncursed wand of cold (0:8) an uncursed wand of cold (0:4) an uncursed wand of create monster (0:5) a blessed greased rustproof wand of death (0:4) an uncursed wand of digging (0:7) an uncursed wand of fire (0:5) an uncursed wand of light (0:13) an uncursed wand of make invisible (0:3) an uncursed wand of polymorph (0:6) an uncursed wand of polymorph (0:5) an uncursed wand of secret door detection (0:15) an uncursed wand of secret door detection (0:12) an uncursed wand of sleep (0:7) an uncursed wand of striking (0:4) an uncursed wand of striking (0:4) an uncursed wand of teleportation (0:6) an uncursed wand of teleportation (0:3) an uncursed wand of undead turning (0:6) an uncursed expensive camera (0:64) a blessed magic marker (0:29) 4 uncursed tallow candles (0:200) an uncursed tinning kit (0:56) 3 uncursed wax candles (0:400) 2 uncursed amber stones an uncursed amethyst stone an uncursed chrysoberyl stone an uncursed turquoise stone an uncursed worthless piece of black glass an uncursed worthless piece of blue glass an uncursed worthless piece of orange glass an uncursed worthless piece of red glass 2 uncursed worthless pieces of violet glass 4 uncursed worthless pieces of white glass an uncursed worthless piece of yellow glass an uncursed worthless piece of yellowish brown glass Spells and supernatural/magical abilities: Name Level Category Fail Memory a - force bolt 1 attack 82% 18% W - pray for help -- divine ? -- Your skills at the end: Fighting Skills martial arts [Basic] two weapon combat [Expert] wands [Basic] Weapon Skills short sword [Basic] long sword [Expert] bow [Basic] Spellcasting Skills Final Attributes: You were piously aligned. You were fire resistant. You were cold resistant. You were sleep resistant. You were shock resistant. You were poison resistant. You were magic-protected. You were blinded. You hungered rapidly. You saw invisible. You were telepathic. You were invisible to others. You were stealthy. You were protected. You were very fast. You had reflection. You were wielding two weapons at once. You were very lucky. You had extra luck. Good luck did not time out for you. You are dead (2nd time!). Vanquished creatures: Medusa 4 storm giants a gray dragon a red dragon a blue dragon a yellow dragon 2 minotaurs a baluchitherium a baby red dragon a baby orange dragon a baby black dragon a baby green dragon a vampire lord 3 liches 10 water trolls a lurker above a frost giant an ettin a vampire 2 ghosts 3 lieutenants a watch captain 11 samurai 2 queen bees a winged gargoyle a mind flayer 2 giant mimics 4 ice trolls an umber hulk a flesh golem 3 Elvenkings a hezrou a large mimic a baby purple worm 2 long worms 27 stalkers 3 air elementals a fire elemental 2 earth elementals 2 water elementals a hill giant a giant mummy 4 xorns a giant zombie 5 elf-lords 12 sergeants a water demon 3 wargs a winter wolf a small mimic 2 warhorses a xan 3 ogre lords a quantum mechanic 4 trolls a sasquatch a wood golem 4 sharks 2 electric eels 2 gelatinous cubes 3 freezing spheres a shocking sphere a large cat 3 tigers 3 gargoyles 3 tengu an ochre jelly a mountain centaur a stone giant 3 elf mummies 4 human mummies a red naga 2 pit vipers a python a cobra 2 wraiths 2 ettin zombies a leather golem 43 soldiers a succubus a giant beetle a quivering blob a cockatrice 60 wolves 4 winter wolf cubs 3 panthers 37 leprechauns 2 orc-captains 8 giant spiders 2 scorpions a horse an ice vortex a black light 2 vampire bats 3 forest centaurs 3 gnome kings 2 orc mummies 2 rust monsters 4 owlbears a yeti a Green-elf 11 giant eels 3 lizards 17 ninja 3 roshis 2 chickatrices 2 dogs a dingo a jaguar 2 blue jellies a gray unicorn 2 dust vortices 2 ravens a plains centaur 3 gnome mummies a snake 6 water moccasins 9 apes 7 human zombies 2 Woodland-elves 28 soldier ants a fire ant a bugbear 3 imps a quasit a wood nymph 2 water nymphs a mountain nymph 13 Mordor orcs 6 Uruk-hai an orc shaman 7 rock piercers a rock mole 2 fog clouds 3 yellow lights 3 shriekers a violet fungus 12 gnome lords 5 gnomish wizards a kobold mummy a red naga hatchling 2 black naga hatchlings 2 gray oozes 3 elf zombies 2 ghouls a paper golem 3 jellyfish 5 giant ants 2 little dogs 11 floating eyes 3 kittens 2 dwarves 3 homunculi a kobold lord 2 kobold shamans 15 hill orcs 11 rothes a centipede 4 giant bats a monkey 11 orc zombies 2 dwarf zombies a wererat 2 werejackals 7 iguanas 45 killer bees 2 acid blobs 2 coyotes 4 gas spores 2 hobbits 8 manes 2 large kobolds 4 hobgoblins 8 giant rats 6 cave spiders 4 brown molds 7 yellow molds a red mold 50 gnomes 14 garter snakes 9 gnome zombies 18 geckos 8 jackals 3 foxes 3 kobolds 7 goblins 10 sewer rats 7 grid bugs 4 bats 16 lichens 3 kobold zombies 12 newts 901 creatures vanquished. Genocided species: chickatrices cockatrices pyrolisks liches demiliches master liches arch-liches disenchanters vampires vampire lords jellyfish piranhas sharks giant eels electric eels krakens samurai 17 species genocided. Voluntary challenges: You used a wielded weapon 1533 times, starting on turn 2. You read items or engraved 94 times, starting on turn 6. You genocided 17 types of monsters, starting on turn 20935. You polymorphed 1 item, starting on turn 20624. You changed form 1 time, starting on turn 12575. You used 7 wishes, starting on turn 21142. You did not wish for any artifacts. You never split a pudding. You wrote Elbereth's name 33 times, starting on turn 6. You violated your moral code, losing 277 points of alignment, starting on turn 11484. Dungeon overview: The Dungeons of Doom: levels 1 to 26 Level 1 some fountains a long staircase Level 2 a general store, an altar to Amaterasu Omikami, a fountain Level 3 a sink Level 4 stairs to The Gnomish Mines Level 5 some fountains Level 6 many fountains Level 7 stairs to Sokoban Level 8 a fountain, some sinks Level 9 Level 10 Level 11 Level 12 some fountains Level 13 portal to The Quest Level 14 Level 15 Level 16 a fountain Level 17 Level 18 a fountain Level 19 Level 20 a fountain Level 21 a sink Level 22 a temple to Susanowo, a fountain, a sink Level 23 Level 24 Level 25 Level 26 a fountain The Gnomish Mines: levels 5 to 12 Level 5 stairs to The Dungeons of Doom Level 6 Level 7 many shops, a temple to Amaterasu Omikami, some fountains Level 8 Level 9 Level 10 Level 11 Level 12 a fountain The Quest: levels 1 to 6 Level 1 portal to The Dungeons of Doom Level 2 Level 3 Level 4 Level 5 Level 6 <- You were here Sokoban: levels 3 to 6 Level 3 Level 4 Level 5 Level 6 stairs to The Dungeons of Doom History has recorded: On T:1 you entered the Dungeons of Doom to retrieve the Amulet of Yendor! On T:132 you reached level 2 of The Dungeons of Doom. On T:208 you advanced to experience level 2. On T:431 you advanced to experience level 3. On T:686 you reached level 3 of The Dungeons of Doom. On T:865 you reached level 4 of The Dungeons of Doom. On T:866 you advanced to experience level 4. On T:1454 you advanced to experience level 5. On T:1475 you reached level 5 of The Dungeons of Doom. On T:1797 you reached level 6 of The Dungeons of Doom. On T:1894 you reached level 7 of The Dungeons of Doom. On T:1915 you reached level 4 of Sokoban. On T:2180 you reached level 3 of Sokoban. On T:2580 you reached level 2 of Sokoban. On T:2887 you reached level 1 of Sokoban. On T:2987 you advanced to experience level 6. On T:3752 you advanced to experience level 7. On T:4033 you reached level 1 of The Gnomish Mines. On T:4239 you reached level 2 of The Gnomish Mines. On T:4302 you reached level 3 of The Gnomish Mines. On T:5405 you advanced to experience level 8. On T:5665 you reached level 4 of The Gnomish Mines. On T:5927 you reached level 5 of The Gnomish Mines. On T:6266 you reached level 6 of The Gnomish Mines. On T:6844 you reached level 7 of The Gnomish Mines. On T:7027 you reached level 8 of The Gnomish Mines. On T:8290 you reached level 8 of The Dungeons of Doom. On T:10024 you reached level 9 of The Dungeons of Doom. On T:10289 you reached level 10 of The Dungeons of Doom. On T:10542 you reached level 11 of The Dungeons of Doom. On T:10780 you advanced to experience level 9. On T:10937 you reached level 12 of The Dungeons of Doom. On T:11446 you received Snickersnee from Amaterasu Omikami. On T:11487 you were saved from death by your amulet of life saving! On T:11882 you reached level 13 of The Dungeons of Doom. On T:12025 you reached level 1 of The Quest. On T:12294 you reached level 14 of The Dungeons of Doom. On T:12472 you advanced to experience level 10. On T:13508 you reached level 15 of The Dungeons of Doom. On T:13823 you reached level 16 of The Dungeons of Doom. On T:14134 you reached level 18 of The Dungeons of Doom. On T:15042 you advanced to experience level 11. On T:15085 you reached level 19 of The Dungeons of Doom. On T:15514 you reached level 20 of The Dungeons of Doom. On T:15709 you reached level 21 of The Dungeons of Doom. On T:15796 you reached level 22 of The Dungeons of Doom. On T:16121 you reached level 23 of The Dungeons of Doom. On T:16172 you advanced to experience level 12. On T:16322 you killed Medusa on level 23 of The Dungeons of Doom. On T:16396 you advanced to experience level 13. On T:16597 you reached level 24 of The Dungeons of Doom. On T:16696 you reached level 25 of The Dungeons of Doom. On T:17018 you reached The Castle. On T:17119 you advanced to experience level 14. On T:17944 you embarked upon an epic quest. On T:18093 you reached level 2 of The Quest. On T:18224 you reached level 3 of The Quest. On T:18773 you reached level 4 of The Quest. On T:19034 you reached level 5 of The Quest. On T:20124 you advanced to experience level 16. On T:20927 you advanced to experience level 17. On T:21142 you wished for "3 blessed greased fixed scrolls of charging". On T:21143 you wished for "blessed greased fixed amulet of reflection". On T:21145 you wished for "blessed greased fixed +3 gray dragon scale mail". On T:21163 you wished for "blessed greased fixed wand of death". On T:21164 you wished for "blessed greased fixed helm of telepathy". On T:21169 you wished for "blessed greased fixed +3 speed boots". On T:21207 you wished for "blessed greased fixed magic marker". On T:22148 you reached level 6 of The Quest. Score breakdown: Gold: 135 ( 7257 points) Experience: 17 levels (22283 points) Exploration: 26 levels ( 52.00%) (21428 points) Discoveries: 76 items ( 30.65%) (16607 points) Valuables value: (no points given unless you survive) Artifact value: 1200 (10475 points) Variety of kills: 192 monsters ( 50.13%) (21240 points) Turncount: 22155 turns (-3553 points) Survival: died (score multiplied by 80%) Total score: 76589 Latest messages: You are blinded by the flash! You hit the invisible stalker. You kill the invisible stalker! You hear a nearby zap. Nothing seems to happen. You hear a nearby zap. Nothing seems to happen. You hear a nearby zap. You hear a ronin pronouncing the formula on a scroll of create monster! The joshu misses. You hit the joshu. (2x) You hear a nearby zap. You hear a ronin pronouncing the formula on a scroll of create monster! The joshu hits! (2x) You hit the joshu. (2x) You hear a ronin pronouncing the formula on a scroll of stinking cloud! You smell rotten eggs. You hear a joshu pronouncing the formula on a scroll of genocide! Wiped out all samurai. Final status: Sayonara Erotic Thai Bitch the Samurai, wiped out by a monster's scroll of genocide... You were wiped out in The Quest on dungeon level 6 with 76589 points, and 135 pieces of gold, after 22155 moves. You were level 17 with a maximum of 144 hit points when you were wiped out.